 Dungeon Sprint DCSS version 0.25.1-2-g60ff931df9 (webtiles) character file.

Game seed: 17089325346815825719

311 raphaelitos the Protected (level 6, 0/63 HPs)
             Began as a Minotaur Fighter on Oct 1, 2020.
             Slain by a slime creature (3 damage)
             ... in the Dungeon (Sprint I: "Red Sonja").
             The game lasted 00:00:47 (103 turns).

raphaelitos the Protected (Minotaur Fighter)         Turns: 103, Time: 00:00:47

Health: 0/63       AC:  8    Str: 22    XL:     6   Next: 18%
Magic:  5/5        EV:  9    Int:  5    God:
Gold:   162        SH: 11    Dex: 10    Spells: 5/5 levels left

rFire    . . .     SeeInvis .   a - +0 war axe
rCold    . . .     Gourm    .   c - +0 kite shield
rNeg     . . .     Faith    .   b - +0 scale mail
rPois    .         Spirit   .   (helmet restricted)
rElec    .         Reflect  .   (no cloak)
rCorr    .         Harm     .   (no gloves)
MR       .....     NoTele   +   (no boots)
Stlth    ..........             (no amulet)
HPRegen  0.20/turn              (no ring)
MPRegen  0.09/turn              (no ring)

@: mighty
A: retaliatory headbutt, horns 2
a: no special abilities


You were in the Dungeon.
You were not hungry.

You visited 1 branch You collected 162 gold pieces.

Inventory:

Hand Weapons
 a - a +0 war axe (weapon)
Armour
 b - a +0 scale mail (worn)
 c - a +0 kite shield (worn)
Scrolls
 k - a scroll of blinking
 l - a scroll of remove curse {unknown}
Potions
 d - a potion of ambrosia {unknown}
 e - a potion of curing
 g - a potion of heal wounds
 h - a potion of haste
 i - 2 potions of magic
 j - a potion of berserk rage
Comestibles
 f - a ration


   Skills:
 + Level 9.1 Fighting
 + Level 6.1 Axes
 + Level 9.4 Armour
 + Level 1.3 Dodging
 + Level 8.8 Shields


You had 5 spell levels left.
You didn't know any spells.
Your spell library was empty.

Dungeon Overview and Level Annotations

Branches:
Dungeon (1/1)

Altars:
Makhleb
Sif Muna
Vehumet
Wu Jian
Xom
Jiyva
Lugonu


Innate Abilities, Weirdness & Mutations

You reflexively headbutt those who attack you in melee.
You have a pair of horns on your head.


Message History

A slime creature comes into view.
The slime creature quivers.
The slime creature moves out of view.
Found a viscous altar of Jiyva and a corrupted altar of Lugonu.
The slime creature hits you but does no damage.
Found a burning altar of Makhleb and a shimmering altar of Xom.
There is an open door here.
You completely miss the slime creature. You headbutt the slime creature!
The slime creature is moderately wounded.
You block the slime creature's attack.
You slash the slime creature! You headbutt the slime creature.
The slime creature is heavily wounded.
The slime creature hits you!
* * * LOW HITPOINT WARNING * * *
The slime creature hits you!
* * * LOW HITPOINT WARNING * * *
You slash the slime creature!
The slime creature is severely wounded.
The slime creature hits you.
You die...

###################
#<.#..)..#..'..#__#
#..').#..').#..@..+
#..#####'#####'#J_#
#..# #..# #.####
#..# #### #[# #..#
#_.+ #⌠⌠# ..._#
#### #_.#+# ##+


You could see a slime creature.

Vanquished Creatures
  Sigmund (D)
  An ogre (D)
  A jelly (D)
  Ijyb (D)
4 creatures vanquished.

Notes
Turn   | Place    | Note
-------+----------+-------------------------------------------
     0 | D        | raphaelitos the Minotaur Fighter began the quest for the
                  | Orb.
     0 | D        | Reached XP level 1. HP: 19/19 MP: 0/0
     1 | D        | Noticed Ijyb
    10 | D        | Killed Ijyb
    10 | D        | Reached skill level 5 in Fighting
    10 | D        | Reached skill level 5 in Armour
    10 | D        | Reached skill level 5 in Shields
    10 | D        | Reached XP level 2. HP: 25/29 MP: 1/1
    47 | D        | Noticed an ogre
    49 | D        | Killed an ogre
    49 | D        | Reached XP level 3. HP: 38/38 MP: 2/2
    49 | D        | Reached XP level 4. HP: 45/45 MP: 3/3
    53 | D        | Noticed Sigmund
    65 | D        | Killed Sigmund
    65 | D        | Reached skill level 5 in Axes
    65 | D        | Reached skill level 1 in Dodging
    65 | D        | Reached XP level 5. HP: 18/56 MP: 4/4
    65 | D        | Reached XP level 6. HP: 20/62 MP: 5/5
    85 | D        | Found a shimmering blue altar of Sif Muna.
    87 | D        | Found an ornate altar of the Wu Jian Council.
    92 | D        | Found a radiant altar of Vehumet.
    99 | D        | Found a viscous altar of Jiyva.
    99 | D        | Found a corrupted altar of Lugonu.
    99 | D        | Noticed a slime creature
   100 | D        | Found a burning altar of Makhleb.
   100 | D        | Found a shimmering altar of Xom.
   102 | D        | HP: 2/63 [slime creature (15)]
   103 | D        | Slain by a slime creature

Illustrated notes

Levels and vault maps discovered:
D:        dungeon_sprint_1 [red_sonja_temple_1, red_sonja_temple_small_1]

Skill      XL: |  1  2  3  4  5  6 |
---------------+-------------------+-----
Fighting       | 5 6 8 9 |  9.1
Axes           | 3 4 5 6 |  6.1
Armour         | 5 7 9 |  9.4
Shields        | 5 6 8 |  8.8
Dodging        | 1 |  1.3

Action                   |  1- 3 |  4- 6 || total
-------------------------+-------+-------++-------
Melee: War axe           |     9 |     9 ||    18
       Headbutt          |     3 |     4 ||     7
  Use: Potion            |     1 |       ||     1
Armor: Scale mail        |     2 |     4 ||     6
Dodge: Dodged            |     1 |       ||     1
Block: Kite shield       |     6 |     1 ||     7
